 Dungeon Crawl Stone Soup version 0.18.1-48-g4cf74bf (webtiles) character file.

91 atro the Ruffian (level 4, -1/32 (37) HPs)
             Began as a Ghoul Gladiator on Aug 11, 2016.
             Was an Initiate of Makhleb.
             Killed from afar by Natasha (9 damage)
             ... with a magic dart
             ... on level 3 of the Dungeon.
             The game lasted 00:18:56 (1763 turns).

atro the Ruffian (Ghoul Gladiator)                  Turns: 1763, Time: 00:18:57

HP:   -1/32 (37)    AC: 12    Str: 19    XL:     4   Next: 57%
MP:   13/13         EV: 11    Int:  3    God:    Makhleb [......]
Gold: 47            SH:  0    Dex:  9    Spells: 0 memorised, 4 levels left

rFire  . . .     SeeInvis .       - Unarmed
rCold  + . .     Gourm    .     p - +0 ring mail
rNeg   + + +     Faith    .     (no shield)
rPois  ∞         Spirit   .     b - +0 helmet
rElec  .         Dismiss  .     (no cloak)
rCorr  .         Reflect  .     f - +0 pair of gloves (curse)
SustAt .         Harm     .     (no boots)
MR     .....                    (no amulet)
Stlth  ..........               j - ring of magical power
                                n - +5 ring of protection

@: rotting, slowed, very slow, not resistant to hostile enchantments, extremely
unstealthy
A: rotting body, claws 1, carnivore 3, cold resistance 1, negative energy
resistance 3, slow regeneration 1, torment resistance, unbreathing
a: Renounce Religion


You were on level 3 of the Dungeon.
You worshipped Makhleb.
Makhleb was noncommittal.
You were not hungry.

You visited 1 branch of the dungeon, and saw 3 of its levels.

You collected 47 gold pieces.

Inventory:

Missiles
 c - 3 throwing nets (quivered)
Armour
 a - a +0 leather armour
 b - a +0 helmet (worn)
 f - a cursed +0 pair of gloves (worn)
 p - a +0 ring mail (worn)
Jewellery
 g - an uncursed ring of fire
 j - a ring of magical power (right hand)
 n - a +5 ring of protection (left hand)
Wands
 r - a wand of random effects (31/48)
Scrolls
 e - 8 scrolls of identify {unknown}
 h - a scroll of amnesia {unknown}
 i - 2 scrolls of teleportation {unknown}
 o - a scroll of fog {unknown}
Potions
 l - a potion of flight {unknown}
 m - a potion of mutation {unknown}
Comestibles
 d - a meat ration
 k - a bread ration
 q - a chunk of flesh


   Skills:
 + Level 2.7 Fighting
 + Level 1.9 Throwing
 * Level 0.5 Armour
 + Level 3.3 Dodging
 + Level 4.3 Unarmed Combat
 * Level 0.7 Spellcasting


You had 4 spell levels left.
You didn't know any spells.

Dungeon Overview and Level Annotations

Branches:
Dungeon (3/15)

Altars:
Makhleb
Zin

Annotations:
D:3 Natasha


Innate Abilities, Weirdness & Mutations

Your body is rotting away.
You thrive on raw meat.
You are immune to poison.
You have sharp fingernails.
You are carnivorous and can eat meat at any time.
Your flesh is cold resistant.
You are immune to negative energy.
You regenerate slowly when monsters are visible.
You are immune to unholy pain and torment.
You can survive without breathing.


Message History

* * * LOW HITPOINT WARNING * * *
You continue eating.
Natasha claws you.
* * * LOW HITPOINT WARNING * * *
The crimson imp grins evilly.
Natasha claws you but does no damage.
You continue eating.
Natasha stares at you and mumbles some strange words.
The magic dart hits you!
You hit Natasha.
Natasha is almost dead.
Natasha barely misses you. Natasha closely misses you.
You closely miss Natasha.
Natasha is almost dead.
Natasha claws you but does no damage.
You closely miss Natasha.
Natasha is almost dead.
Natasha stares at you and mumbles some strange words.
The magic dart hits you!
You die...

#######
#######.....#
#>5.5.......#
#.#####.....#
##########.#
#.....#..
#.......@h5#
#...%....#
#.########.#
#.#....... #.#
#.#####.##.###.#
#.# #.......# .#
# #.# #########
.# #.# .# #.#
#.# #.#


You could see Natasha and a crimson imp.

Vanquished Creatures
  Natasha (D:3)
  2 adders (D:2)
  3 dart slugs (D:1)
  A giant gecko (D:3)
  4 giant cockroaches
  3 goblins (D:2)
  8 hobgoblins
  3 jackals (D:2)
  5 bats
  4 giant newts
  4 kobolds
  2 rats (D:2)
40 creatures vanquished.

Notes
Turn   | Place    | Note
--------------------------------------------------------------
     0 | D:1      | atro the Ghoul Gladiator began the quest for the Orb.
     0 | D:1      | Reached XP level 1. HP: 17/17 MP: 0/0
   130 | D:1      | Reached XP level 2. HP: 21/24 MP: 1/1
   792 | D:2      | Reached XP level 3. HP: 9/26 MP: 2/2
   929 | D:2      | Reached skill level 4 in Unarmed Combat
  1195 | D:2      | Reached XP level 4. HP: 34/34 MP: 3/3
  1342 | D:2      | Noticed a balrug
  1343 | D:2      | Found a burning altar of Makhleb.
  1349 | D:2      | Found a glowing silver altar of Zin.
  1349 | D:2      | Noticed an angel
  1359 | D:2      | Became a worshipper of Makhleb the Destroyer
  1574 | D:3      | Noticed Natasha
  1583 | D:3      | Killed Natasha
  1714 | D:3      | Noticed Natasha
  1763 | D:3      | Killed from afar by Natasha

Skill      XL: |  1  2  3 |
---------------+----------+-----
Dodging        | 3 |  3.3
Unarmed Combat | 4 |  4.3
Fighting       | |  2.7
Throwing       | |  1.9
Armour         | |  0.5
Spellcasting   | |  0.7

Action                   |  1- 3 |  4- 6 || total
-------------------------+-------+-------++-------
Melee: Unarmed           |   117 |    51 ||   168
       Punch             |     1 |       ||     1
  Eat: Chunk             |     5 |     1 ||     6
Armor: Leather armour    |    41 |       ||    41
       Ring mail         |     9 |    32 ||    41
Dodge: Dodged            |    80 |    40 ||   120
